 Dungeon Crawl Stone Soup version 0.25-a0-251-g572059c536 (webtiles) character file.

Game seed: 6655963017904500694, levelgen mode: deterministic

5480 floatRand the Spear-Bearer (level 10, -7/67 HPs)
             Began as a Demonspawn Gladiator on Dec 4, 2019.
             Was a Believer of Qazlal.
             Killed by the air
             ... invoked by Gastronok
              (17 damage)
             ... on level 9 of the Dungeon.
             The game lasted 00:13:22 (10535 turns).

floatRand the Spear-Bearer (Demonspawn Gladiator)  Turns: 10535, Time: 00:13:23

Health: -7/67      AC: 14    Str: 16    XL:     10   Next: 42%
Magic:  16/16      EV:  6    Int:  9    God:    Qazlal [**....]
Gold:   600        SH:  2    Dex: 17    Spells: 9/9 levels left

rFire    + . .     SeeInvis .   R - +1 battleaxe (venom)
rCold    . . .     Gourm    .   (shield currently unavailable)
rNeg     . . .     Faith    .   u - +0 plate armour
rPois    .         Spirit   .   (helmet restricted)
rElec    .         Reflect  .   F - scarf {repulsion}
rCorr    .         Harm     .   (no gloves)
MR       .....                  M - +0 pair of boots
Stlth    ..........             (no amulet)
HPRegen  0.21/turn              n - ring of protection from fire
MPRegen  0.15/turn              y - +3 ring of protection

@: hasted, repel missiles, very quick
A: horns 1, demonic guardian 1, foul stench 2, rot immunity
a: Upheaval, Renounce Religion


You were on level 9 of the Dungeon.
You worshipped Qazlal.
Qazlal was pleased with you.
You were not hungry.

You visited 2 branches of the dungeon, and saw 10 of its levels.

You collected 600 gold pieces.

Inventory:

Hand Weapons
 a - a +0 war axe
 e - a +0 club
 p - a +0 trident of flaming
 v - a +1 trident of venom
 R - a +1 battleaxe of venom (weapon)
Missiles
 d - 4 throwing nets (quivered)
 D - 2 silver javelins
Armour
 b - a +0 leather armour
 c - a +1 helmet
 u - a +0 plate armour (worn)
 F - a scarf of repulsion (worn)
 M - a +0 pair of boots (worn)
Jewellery
 i - an uncursed amulet of guardian spirit
 n - a ring of protection from fire (left hand)
 y - a +3 ring of protection (right hand)
 J - a +4 ring of dexterity {unknown}
 K - an uncursed ring of positive energy
Wands
 t - a wand of paralysis (18)
 x - a wand of random effects (16)
 A - a wand of iceblast (4)
 B - a wand of acid (13)
 E - a wand of disintegration (41)
 H - a wand of enslavement (15)
 P - a wand of digging (3)
Scrolls
 j - 2 scrolls of enchant armour
 o - a scroll of remove curse
 q - a scroll of teleportation
 L - a scroll of identify
 O - a scroll of amnesia
Potions
 g - 2 potions of agility
 k - 3 potions of heal wounds
 l - a potion of cancellation {unknown}
 m - 2 potions of lignification {unknown}
 r - a potion of might {unknown}
 s - a potion of ambrosia {unknown}
 w - a potion of degeneration {unknown}
 z - a potion of mutation {unknown}
 C - 4 potions of curing {unknown}
 G - a potion of brilliance {unknown}
 I - a potion of magic
 N - 2 potions of flight {unknown}
Comestibles
 f - 24 rations


   Skills:
 - Level 2.0 Fighting
 + Level 7.0(9.7) Axes
 - Level 10.5(11.3) Polearms
 - Level 1.7 Throwing
 - Level 4.1 Dodging
 * Level 9.0 Invocations


You had 9 spell levels left.
You didn't know any spells.
Your spell library contained the following spells:

 Spells                   Type           Power        Failure   Level  Hunger
 Sandblast                Erth           #.....       100%        1    ##.....
 Passwall                 Tmut/Erth      #.......     100%        2    ###....
 Stone Arrow              Conj/Erth      #.....       100%        3    ####...
 Petrify                  Tmut/Erth      #.......     100%        4    #####..
 Irradiate                Conj/Tmut      #.........   100%        5    ######.
 Lee's Rapid Deconstruct  Erth           #.........   100%        5    ######.
 Hydra Form               Tmut           #.........   100%        6    #######
 Statue Form              Tmut/Erth      #........    100%        6    #######
 Dragon Form              Tmut           #.........   100%        7    #######


Dungeon Overview and Level Annotations

Branches:
Dungeon (9/15)             Temple (1/1) D:7            Lair (0/6) D:8
    Orc: D:9-12

Altars:
Ashenzari
Cheibriados
Dithmenos
Elyvilon
Gozag
Hepliaklqana
Kikubaaqudgha
Makhleb
Nemelex Xobeh
Okawaru
Qazlal
Ru
Sif Muna
Trog
Uskayaw
Vehumet
Wu Jian
Xom
Yredelemnul
Zin
The Shining One

Annotations:
D:6 3 runed translucent doors, 1player's ghost, novice DrCj
D:9 Gastronok


Innate Abilities, Weirdness & Mutations

You have a pair of small horns on your head.
A weak demonic guardian rushes to your aid.
You frequently emit foul miasma when damaged in melee.
You are immune to rotting.


Message History

You see here a +0 short sword.
Unknown command.
Unknown command.
Something bites your shadow imp. Something bites your shadow imp!!
Your shadow imp dies!
You see here a javelin.
The quokka barely misses you.
You see here a +0 short sword.
Your plate armour prevents you from hitting the quokka.
You headbutt the quokka, but do no damage.
You hit the quokka.
You kill the quokka!
The quokka's corpse disappears in a puff of smoke!
Gastronok is no longer moving quickly.
The quokka is engulfed in blazing flames.
You kill the quokka!
The quokka's corpse disappears in a puff of smoke!
Gastronok waves his eye-stalks in wide circles.
The air twists around and strikes you!
You die...

###+##### #..#
#.....#.## #..#
.#....w#..## #..#
.'....(☼§..###..#
.#....†#@§..##..#
#.....#.....#§§#
###'####(...#§§#
#### ...
##...'.†# ##(..
##. ##.(#..#
##.... # ##.#§.##
#..... ###.§.#
#..... ##...#
#..... '####....#
##....


You could see Gastronok.

Vanquished Creatures
  Psyche (D:9)
  Grinder (D:4)
  A wyvern (D:9)
  Eustachio (D:4)
  2 ice beasts
  2 phantoms
  2 porcupines (D:8)
  5 orc warriors
  6 ogres
  2 centaurs (D:5)
  3 big kobolds
  A crocodile (D:8)
  4 bullfrogs
  A gnoll sergeant (D:9)
  2 scorpions (D:8)
  3 killer bees (D:7)
  3 wights (D:7)
  7 howler monkeys
  2 crimson imps
  A quasit (D:8)
  4 hounds
  3 jellies
  12 orc priests
  A bullfrog skeleton (D:9)
  A centaur skeleton (D:6)
  12 orc wizards
  2 iguanas
  11 worker ants
  A hound skeleton (D:9)
  A howler monkey skeleton (D:4)
  10 adders
  7 gnolls
  3 shadow imps
  An adder zombie (D:6)
  An adder skeleton (D:4)
  A worm (D:4)
  A dart slug (D:2)
  3 leopard geckos
  44 orcs
  2 giant cockroaches
  7 goblins
  4 hobgoblins
  4 jackals (D:6)
  14 kobolds
  A quokka (D:5)
  9 bats
  11 frilled lizards
  3 goblin skeletons (D:6)
  A goblin zombie (D:6)
  2 hobgoblin zombies (D:6)
  A jackal skeleton (D:5)
  2 kobold skeletons
  An orc skeleton (D:6)
  A quokka skeleton (D:5)
  3 rats
  A fungus (D:8)
236 creatures vanquished.

Vanquished Creatures (collateral kills)
  Sigmund (D:2)
  A human (D:4)
  An ogre (D:8)
  A killer bee (D:7)
  A wight (D:7)
  A centaur skeleton (D:5)
  An orc wizard (D:6)
  A worker ant (D:8)
  An adder (D:7)
  2 kobolds
11 creatures vanquished.

Vanquished Creatures (others)
  An orc (D:6)
  8 fungi (D:8)
  2 plants (D:8)
11 creatures vanquished.

Grand Total: 258 creatures vanquished

Notes
Turn   | Place    | Note
-------+----------+-------------------------------------------
     0 | D:1      | floatRand the Demonspawn Gladiator began the quest for the
                  | Orb.
     0 | D:1      | Reached XP level 1. HP: 16/16 MP: 1/1
   398 | D:1      | Gained mutation: A weak demonic guardian rushes to your
                  | aid. [demonic ancestry]
   398 | D:1      | Reached XP level 2. HP: 22/22 MP: 2/2
   798 | D:2      | Gained mutation: You are immune to rotting. [demonic
                  | ancestry]
   798 | D:2      | Reached XP level 3. HP: 24/27 MP: 3/3
   953 | D:2      | Noticed Sigmund
   968 | D:2      | Killed Sigmund
   968 | D:2      | Gained mutation: You may emit foul miasma when damaged in
                  | melee. [demonic ancestry]
   968 | D:2      | Reached XP level 4. HP: 22/33 MP: 4/4
   968 | D:2      | Gained mutation: You frequently emit foul miasma when
                  | damaged in melee. [demonic ancestry]
   968 | D:2      | Reached XP level 5. HP: 25/38 MP: 5/5
  1404 | D:2      | Found a burning altar of Makhleb.
  1410 | D:2      | Reached skill level 5 in Axes
  2005 | D:3      | Found a white marble altar of Elyvilon.
  2019 | D:3      | Found a shadowy altar of Dithmenos.
  2020 | D:3      | Found a shattered altar of Ashenzari.
  2304 | D:3      | Found a bloodstained altar of Trog.
  2469 | D:4      | Noticed a phantom
  2546 | D:4      | Gained mutation: You have a pair of small horns on your
                  | head. [demonic ancestry]
  2546 | D:4      | Reached XP level 6. HP: 36/44 MP: 6/6
  2683 | D:4      | Reached skill level 1 in Polearms
  2748 | D:4      | Found an ancient bone altar of Kikubaaqudgha.
  2855 | D:4      | Reached skill level 2 in Polearms
  3242 | D:4      | Noticed a human
  3243 | D:4      | Found a runed translucent door.
  3245 | D:4      | Noticed Eustachio
  3246 | D:4      | Found a basalt altar of Yredelemnul.
  3258 | D:4      | Killed Eustachio
  3258 | D:4      | Reached skill level 3 in Polearms
  3258 | D:4      | Reached XP level 7. HP: 37/50 MP: 7/7
  3285 | D:4      | Reached skill level 4 in Polearms
  3324 | D:4      | Reached skill level 5 in Polearms
  3488 | D:4      | Killed a human
  3684 | D:4      | Noticed Grinder
  3685 | D:4      | Paralysed by Grinder for 6 turns
  3706 | D:4      | Paralysed by Grinder for 7 turns
  3726 | D:4      | Killed Grinder
  3726 | D:4      | Reached skill level 6 in Polearms
  3912 | D:5      | Entered Level 5 of the Dungeon
  3967 | D:5      | Reached XP level 8. HP: 20/56 MP: 8/8
  4503 | D:5      | Reached skill level 7 in Polearms
  4610 | D:5      | Found a shadowy altar of Dithmenos.
  5047 | D:5      | Reached skill level 8 in Polearms
  5495 | D:6      | Found a runed translucent gate.
  5496 | D:6      | Found a runed translucent gate.
  5496 | D:6      | Found an opulent altar of Gozag.
  5497 | D:6      | Found a runed translucent gate.
  5500 | D:6      | Noticed 1player's ghost (novice DrCj)
  5816 | D:6      | Reached skill level 9 in Polearms
  5845 | D:6      | Found a hazy altar of Hepliaklqana.
  6099 | D:6      | Reached XP level 9. HP: 61/61 MP: 9/9
  6428 | D:6      | Found a glowing golden altar of the Shining One.
  6837 | D:7      | Reached skill level 10 in Polearms
  7006 | D:7      | Found an opulent altar of Gozag.
  7334 | D:7      | Found a staircase to the Ecumenical Temple.
  7343 | Temple   | Entered the Ecumenical Temple
  7565 | Temple   | Became a worshipper of Qazlal Stormbringer
  7583 | D:7      | Reached skill level 1 in Invocations
  8432 | D:8      | Reached skill level 5 in Invocations
  8477 | D:8      | Reached * piety under Qazlal
  8616 | D:8      | Reached XP level 10. HP: 34/67 MP: 14/14
  9216 | D:8      | HP: 2/67 [orc/+0 short sword (3)]
  9758 | D:8      | Found a staircase to the Lair.
 10056 | D:9      | Found a glowing silver altar of Zin.
 10106 | D:9      | Noticed Psyche
 10117 | D:9      | Killed Psyche
 10504 | D:9      | Noticed Gastronok
 10517 | D:9      | Reached ** piety under Qazlal
 10535 | D:9      | Killed from afar by Gastronok

Levels and vault maps discovered:
D:1:      minmay_arrival_four_circles, layout_loops_ring,
          minmay_stone_trees_medium, minmay_misc_feat_doors, hex_large
D:2:      layout_rooms, makhleb_heckhound_becter, guppyfry_early_lair_pool,
          uniq_sigmund
D:3:      layout_basic, overflow_temple_1_default,
          gammafunk_temple_overflow_forgotten
D:4:      layout_loops_ring, kennysheep_mini_moat, first_ration,
          dk_yredelemnul_ordeal, uniq_eustachio, uniq_grinder
D:5:      layout_loops_corners, grunt_ministairs_2, mrwooster_statue_mirror,
          nicolae_dithmenos_shadow_blocks
D:6:      layout_rooms, nicolae_tso_besieged_by_evil, ebering_ghost_gozag,
          basic_altar, minmay_misc_feat_secret_circle
D:7:      layout_loops_ring, grunt_gozag_statues,
          minmay_temple_entry_nine_rooms, grunt_ogre_cave
D:8:      layout_loops_ring, grunt_lair_entry_orc_guard_hut, glass_columns_b
D:9:      layout_rooms, lemuel_crystal_altar, nicolae_overflow_hidden_temple,
          minmay_quadrilaterals, uniq_gastronok, uniq_psyche
Temple:   minmay_temple_curvy_loop

Skill      XL: |  1  2  3  4  5  6  7  8  9 10 |
---------------+-------------------------------+-----
Axes           | 3 4 5 6 7 |  7.0
Dodging        | 3 4 |  4.1
Polearms       | 3 6 9 10 | 10.5
Invocations    | 6 9 |  9.0
Fighting       | |  2.0
Throwing       | |  1.7

Action                   |  1- 3 |  4- 6 |  7- 9 | 10-12 || total
-------------------------+-------+-------+-------+-------++-------
Melee: War axe           |    75 |     1 |       |       ||    76
       Trident           |     7 |   122 |   399 |       ||   528
       Headbutt          |       |    16 |    85 |    30 ||   131
       Battleaxe         |       |       |   103 |   111 ||   214
  Use: Scroll            |     3 |       |     8 |     5 ||    16
       Potion            |     2 |       |     1 |     3 ||     6
 Stab: Sleeping          |       |     1 |       |       ||     1
       Distracted        |       |       |     4 |       ||     4
  Eat: Chunk             |       |     8 |    17 |     3 ||    28
       Ration            |       |       |       |     1 ||     1
Armor: Leather armour    |    55 |    11 |       |       ||    66
       Plate armour      |       |    60 |   257 |    65 ||   382
Dodge: Dodged            |    87 |    39 |   122 |    43 ||   291
       Deflected         |       |       |     6 |     3 ||     9
Block: Other             |       |       |     2 |     6 ||     8

Table legend:
 A = Non-vault XP
 B = Vault XP
 C = Vault XP percentage of total XP
 D = Non-vault monster count
 E = Vault monster count
 F = Vault count percentage of total count
                 A         B        C        D         E       F
            +---------+---------+-------+---------+---------+-------
      Total |    5763 |    2066 |  26.4 |     217 |      29 |  11.8
            +---------+---------+-------+---------+---------+-------
        D:1 |      19 |       0 |   0.0 |      12 |       0 |   0.0
        D:2 |     110 |     176 |  61.5 |      24 |       2 |   7.7
        D:3 |      58 |       0 |   0.0 |      10 |       0 |   0.0
        D:4 |     493 |     514 |  51.0 |      29 |       4 |  12.1
        D:5 |     969 |      50 |   4.9 |      29 |       4 |  12.1
        D:6 |     590 |      20 |   3.3 |      24 |       9 |  27.3
        D:7 |    1341 |     118 |   8.1 |      30 |       1 |   3.2
        D:8 |    1304 |     538 |  29.2 |      40 |       5 |  11.1
        D:9 |     825 |     650 |  44.1 |      18 |       4 |  18.2
     Temple |      54 |       0 |   0.0 |       1 |       0 |   0.0
            +---------+---------+-------+---------+---------+-------
